 Dungeon Crawl Stone Soup version 0.29-a0-577-gafbf2c5d25 (webtiles) character file.

Game seed: 8788058112276924478

25 DocClef the Sneak (level 2, -5/26 HPs)
             Began as a Draconian Delver on June 13, 2022.
             Slain by a mummy (15 damage)
             ... in an ossuary.
             The game lasted 00:01:19 (401 turns).

DocClef the Sneak (Draconian Delver)                 Turns: 401, Time: 00:01:19

Health: -5/26      AC:  4    Str: 14    XL:     2   Next: 82%
Magic:  2/2        EV: 12    Int: 10    God:
Gold:   0          SH:  0    Dex: 12    Spells: 1/1 levels left

rFire   . . .      SeeInvis .   a - +0 short sword
rCold   . . .      Faith    .   (no shield)
rNeg    . . .      Spirit   .   (body armour unavailable)
rPois   .          Reflect  .   (helmet restricted)
rElec   .          Harm     .   (no cloak)
rCorr   .          Rampage  .   (no gloves)
Will    .....                   (no boots)
Stlth   +++.......              (no amulet)
HPRegen 0.08/turn               (no ring)
MPRegen 0.08/turn               (no ring)

@: no status effects
A: AC +4, unfitting armour, cold-blooded
a: no special abilities


You were in an ossuary.
You visited 1 branch of the dungeon, and saw 1 of its levels.
You also visited: Ossuary.

Inventory:

Hand Weapons
 a - a +0 short sword (weapon)
Wands
 f - a wand of digging (3)
Scrolls
 b - a scroll of fog
 c - 2 scrolls of magic mapping
 d - a scroll of fear
Potions
 e - a potion of haste


   Skills:
 + Level 3.5 Fighting
 + Level 2.5 Short Blades
 + Level 2.0 Dodging
 + Level 4.8 Stealth


You had one spell level left.
You didn't know any spells.
Your spell library was empty.

Dungeon Overview and Level Annotations

Branches:
Dungeon (5/15)            Ossuary (1/1)
 Temple: D:4-7

Altars:


Innate Abilities, Weirdness & Mutations

Your plain brown scales are hard. (AC +4)
You cannot fit into any form of body armour.
You are cold-blooded and may be slowed by cold attacks.


Message History

The kobold zombie is severely damaged.
The rat zombie bites you.
You hit the kobold zombie but do no damage.
The kobold zombie is severely damaged.
The kobold zombie hits you but does no damage.
The rat zombie barely misses you.
You hit the kobold zombie.
You destroy the kobold zombie!
The rat zombie bites you but does no damage.
You hit the human zombie.
You tail-slap the human zombie, but do no damage.
The human zombie is lightly damaged.
The human zombie barely misses you.
You hit the human zombie.
The human zombie is lightly damaged.
The kobold zombie barely misses you.
The rat zombie bites you but does no damage.
You hit the human zombie.
The human zombie is lightly damaged.
The human zombie misses you.
The kobold zombie hits you but does no damage.
The rat zombie misses you.
You hit the human zombie.
The human zombie is moderately damaged.
The human zombie closely misses you.
The kobold zombie hits you but does no damage.
The rat zombie bites you but does no damage.
You hit the kobold zombie.
You destroy the kobold zombie!
The human zombie hits you.
* * * LOW HITPOINT WARNING * * *
The rat zombie closely misses you.
Your Dodging skill increases to level 2!
The mummy closely misses you.
You hit the mummy but do no damage. The mummy hits you.
* * * LOW HITPOINT WARNING * * *
The mummy hits you!
Ouch! That really hurt!
You die...

#...# #.^# # #...#
#.^# # #...# #..#
# #...# ..... #
#...# ##...... #
#...# #.......#
#...# #.......#
#.M.# #.∩.....#
#@..# ....+####
#...# # #...# #
#...##############
#........Z.ZZ.....
#.........∩∩......
##################


You could see a mummy.

Vanquished Creatures
  An adder zombie (Ossuary)
  A goblin zombie (D:5)
  6 hobgoblin zombies (Ossuary)
  2 jackal zombies (Ossuary)
  10 kobold zombies (Ossuary)
  10 orc zombies (Ossuary)
  A rat zombie (D:5)
31 creatures vanquished.

Notes
Turn   | Place    | Note
-------+----------+-------------------------------------------
     0 | D:5      | DocClef the Draconian Delver began the quest for the Orb.
     0 | D:5      | Reached XP level 1. HP: 19/19 MP: 1/1
     6 | D:5      | Found a sand-covered staircase.
    26 | Ossuary  | Entered an ossuary
   133 | Ossuary  | Reached XP level 2. HP: 26/26 MP: 2/2
   401 | Ossuary  | Slain by a mummy

Illustrated notes

Levels and vault maps discovered:
D:5:      layout_basic, enter_ossuary_4, serial_shops, nicolae_shop_trees,
          gammafunk_ghost_cemetery, grunt_ministairs_1
Ossuary:  ossuary_tomb_1

Skill      XL: |  1  2 |
---------------+-------+-----
Dodging        | 2 |  2.0
Fighting       | |  3.5
Short Blades   | |  2.5
Stealth        | |  4.8

Action                   || total
-------------------------++-------
Melee: Short sword       ||   109
       Tailslap          ||    19
       Punch             ||     3
 Stab: Sleeping          ||     4
Armor: Skin              ||    50
Dodge: Dodged            ||    92

Table legend: (Time is in decaauts)
 A = Elapsed time spent in this place.
 B = Non-inter-level travel time spent in this place.
 C = Inter-level travel time spent in this place.
 D = Time resting spent in this place.
 E = Time spent auto-exploring this place.
 F = Levels seen in this place.
 G = Mean time per level.
                   A        B        C        D        E       F      G
               +--------+--------+--------+--------+--------+-----+--------+
         Total |    399 |    399 |      0 |      6 |     51 |   2 |  199.5 |
       Dungeon |     26 |     26 |      0 |      0 |      6 |   1 |   26.0 |
       Ossuary |    373 |    373 |      0 |      6 |     45 |   1 |  373.0 |
               +--------+--------+--------+--------+--------+-----+--------+

Top non-repeatable levels by time:
 Ossuary: 373 daAuts
     D:5: 26 daAuts
